 Dungeon Crawl Stone Soup version 0.29.1-15-g9cfb28693d (webtiles) character file.

Game seed: 4373929789515972782

182147 safid the Gelid (level 18, -11/145 HPs)
             Began as a Merfolk Ice Elementalist on Apr 24, 2023.
             Was a High Priest of Vehumet.
             Mangled by a nagaraja
             ... wielding a +0 flail
              (19 damage)
             ... on level 4 of the Snake Pit on Apr 27, 2023.
             The game lasted 01:50:19 (38131 turns).

safid the Gelid (Merfolk Ice Elementalist)         Turns: 38131, Time: 01:50:20

Health: -11/145    AC: 20    Str:  9    XL:     18   Next: 33%
Magic:  32/32      EV: 19    Int: 27    God:    Vehumet [*****.]
Gold:   1339       SH:  0    Dex: 17    Spells: 5/37 levels left

rFire   + + .      SeeInvis +   I - +10 lajatang of Nynlem {flame, rPois}
rCold   + + +      Faith    .   (shield currently unavailable)
rNeg    . . .      Spirit   .   e - +3 robe "Acol" {rElec rC++ Will- rCorr}
rPois   +          Reflect  .   X - +2 helmet
rElec   +          Harm     .   x - scarf {rC+ rF+}
rCorr   +          Rampage  .   C - +2 pair of gloves
Will    .....                   o - +2 pair of boots {Fly}
Stlth   +++.......              G - amulet of magic regeneration
HPRegen 0.34/turn               W - ring "Osoonn" {rF+ Int+6}
MPRegen 0.63/turn               S - +4 ring of protection

@: lethally poisoned (-11 -> -21), flying, slightly contaminated, studying
Poison Magic
A: (nimble swimmer 2), mertail, iridescent scales 1, thin skeletal structure 1,
see invisible, poison resistance
a: Renounce Religion


You were on level 4 of the Snake Pit.
You worshipped Vehumet.
Vehumet was extremely pleased with you.
You visited 5 branches of the dungeon, and saw 27 of its levels.
You also visited: Sewer.

You collected 2848 gold pieces.
You spent 1509 gold pieces at shops.

Inventory:

Hand Weapons
 I - the +10 lajatang of Nynlem (weapon) {flame, rPois}
   (You acquired it on level 8 of the Dungeon)

   It burns those it strikes, dealing additional fire damage.
   Big, fiery blades are also staple armaments of hydra-hunters.
   rPois:     It protects you from poison.
Missiles
 d - 9 javelins
 q - a throwing net
 J - 7 curare-tipped darts
Armour
 e - the +3 robe "Acol" (worn) {rElec rC++ Will- rCorr}
   (You found it on level 15 of the Dungeon)

   rC:        It greatly protects you from cold.
   rElec:     It insulates you from electricity.
   rCorr:     It protects you from acid and corrosion.
   Will:      It decreases your willpower.
 o - a +2 pair of boots of flying (worn)
 x - a scarf of resistance (worn)
 C - a +2 pair of gloves (worn)
 T - the +4 skin of Zhor {*Englaciate rC+++ SInv}
   (You found it on level 4 of the Lair of Beasts)

   It radiates cold, occasionally slowing all nearby creatures who are not
   resistant to cold.
   rC:        It renders you almost immune to cold.
   SInv:      It lets you see invisible.
 X - a +2 helmet (worn)
Jewellery
 G - an amulet of magic regeneration (around neck)
 M - a ring of ice
 Q - the amulet "Cutuist" {Spirit rN+}
   (You found it on level 3 of the Snake Pit)

   [amulet of guardian spirit]

   It causes incoming damage to be divided between your reserves of health and
   magic.
   rN:        It protects you from negative energy.
 R - a +4 ring of protection
 S - a +4 ring of protection (right hand)
 W - the ring "Osoonn" (left hand) {rF+ Int+6}
   (You found it on level 12 of the Dungeon)

   [ring of intelligence]

   Int:       It affects your intelligence (+6).
   rF:        It protects you from fire.
Wands
 c - a wand of light (10)
 A - a wand of mindburst (18)
 D - a wand of charming (26)
 E - a wand of flame (50)
 L - a wand of roots (14)
 N - a wand of digging (10)
 V - a wand of polymorph (5)
Scrolls
 a - 2 scrolls of silence
 g - 6 scrolls of magic mapping
 j - a scroll of summoning
 k - 3 scrolls of butterflies
 m - 13 scrolls of teleportation
 u - 3 scrolls of amnesia
 v - 4 scrolls of enchant weapon
 w - 3 scrolls of poison
 y - 2 scrolls of fear
 z - 2 scrolls of enchant armour
 H - 5 scrolls of blinking
Potions
 b - 2 potions of magic
 f - 4 potions of lignification
 h - 7 potions of mutation
 i - 3 potions of invisibility
 l - 13 potions of curing
 n - a potion of resistance {unknown}
 p - 3 potions of ambrosia
 r - a potion of flight {unknown}
 s - 4 potions of cancellation
 t - 6 potions of haste
 B - 2 potions of degeneration {unknown}
 K - 5 potions of might
 O - 3 potions of brilliance
 P - 3 potions of berserk rage


   Skills:
 + Level 13.8 Fighting
 - Level 14.0 Staves
 - Level 12.0 Dodging
 - Level 2.1 Stealth
 - Level 10.0 Spellcasting
 - Level 4.0 Conjurations
 - Level 4.0 Translocations
 + Level 15.6 Transmutations
 - Level 2.0 Fire Magic
 + Level 18.0 Ice Magic
 - Level 8.0 Poison Magic


You had 5 spell levels left.
You knew the following spells:

 Your Spells              Type           Power      Damage    Failure   Level
a - Irradiate             Conj/Tmut      30%        3d21      1%          5
b - Frozen Ramparts       Ice            100%       1d16      0%          3
c - Ozocubu's Armour      Ice            84%        N/A       0%          3
d - Olgreb's Toxic Radia  Pois           54%        N/A       1%          4
e - Ignite Poison         Fire/Tmut/Pois 56%        N/A       1%          3
f - Ozocubu's Refrigerat  Ice            42%        4d16      1%          7
g - Blink                 Tloc           70%        N/A       1%          2
h - Hailstorm             Conj/Ice       64%        3d14      1%          4
i - Freeze                Ice            100%       1d11      0%          1

Your spell library contained the following spells:

 Spells                   Type           Power      Damage    Failure   Level
 Yara's Violent Unravell  Hex/Tmut       27%        3d12      1%          5
 Beastly Appendage        Tmut           100%       N/A       0%          1
 Wereblood                Tmut           78%        N/A       0%          2
 Foxfire                  Conj/Fire      100%       2x1d9     1%          1
 Sting                    Tmut/Pois      100%       1d8       1%          1
 Poisonous Vapours        Pois/Air       70%        N/A       1%          2
 Static Discharge         Conj/Air       24%        3-6/arc   1%          2
 Conjure Flame            Conj/Fire      29%        6-21      1%          3
 Dazzling Flash           Conj/Hex       48%        N/A       1%          3
 Mephitic Cloud           Conj/Pois/Air  35%        N/A       1%          3
 Spider Form              Tmut/Pois      67%        N/A       1%          3
 Ice Form                 Ice/Tmut       81%        N/A       1%          4
 Petrify                  Tmut/Erth      54%        N/A       1%          4
 Freezing Cloud           Conj/Ice/Air   26%        6-21      1%          5
 Gell's Gravitas          Tloc           35%        N/A       2%          3
 Inner Flame              Hex/Fire       18%        N/A       2%          3
 Lesser Beckoning         Tloc           35%        N/A       2%          3
 Teleport Other           Tloc           35%        N/A       2%          3
 Iskenderun's Mystic Bla  Conj/Tloc      35%        2d8       2%          4
 Flame Wave               Conj/Fire      29%        2d9       3%          4
 Sticky Flame             Conj/Fire      29%        2d5       3%          4
 Metabolic Englaciation   Hex/Ice        29%        N/A       3%          5
 Sublimation of Blood     Necr           13%        N/A       6%          2
 Iskenderun's Battlesphe  Conj           35%        2d9       6%          5
 Passage of Golubria      Tloc           35%        N/A       9%          4
 Manifold Assault         Tloc           35%        N/A       22%         5
 Silence                  Hex/Air        6%         N/A       75%         5
 Simulacrum               Ice/Necr       29%        N/A       16%         6
 Starburst                Conj/Fire      14%        6d6       41%         6
 Iron Shot                Conj/Erth      12%        9d3       54%         6
 Spellforged Servitor     Conj/Summ      12%        N/A       97%         7
 Summon Hydra             Summ           6%         N/A       100%        7
 Lehudib's Crystal Spear  Conj/Erth      12%        10d4      100%        8


Dungeon Overview and Level Annotations

Branches:
Dungeon (15/15)            Temple (1/1) D:5            Lair (5/5) D:9
  Swamp (0/4) Lair:2        Snake (4/4) Lair:3        Slime (0/5) Lair:4
    Orc (2/2) D:9             Elf (0/3) Orc:2        Vaults (0/5) D:13
 Depths (0/4) D:15          Sewer (visited)

Altars:
Ashenzari
Cheibriados
Dithmenos
Elyvilon
Fedhas
Gozag
Hepliaklqana
Kikubaaqudgha
Makhleb
Nemelex Xobeh
Okawaru
Qazlal
Ru
Sif Muna
Trog
Uskayaw
Vehumet
Wu Jian
Xom
Yredelemnul
Zin
The Shining One
Jiyva

Shops:
D:1 (   Orc:2 [:*(   Snake:2 (   Snake:4 ?

Annotations:
Snake:1 1 runed translucent door, Gardakan's ghost, journeyman DEFE
Snake:4 Nikola


Innate Abilities, Weirdness & Mutations

((You are very nimble when in or above water. (Stealth+, EV+, Speed+++)))
Your lower body shifts to a powerful aquatic tail in water.
You are partially covered in iridescent scales. (AC +2)
You have a somewhat thin skeletal structure. (Dex +2, Stealth+)
You have supernaturally acute eyesight. (SInv)
Your system is resistant to poisons. (rPois)


Message History

Unknown command.
Unknown command.
Unknown command.
Unknown command.
Unknown command.
Unknown command.
Unknown command.
Unknown command.
Unknown command.
Unknown command.
Unknown command.
Casting: Irradiate (mildly dangerous; 1% risk of failure)
Confirm with . or Enter, or press ? or * to list all spells.
You erupt in a fountain of uncontrolled magic!
The nagaraja is blasted with magical radiation!!
The nagaraja is heavily wounded.
The nagaraja twists and deforms.
The nagaraja is blasted with magical radiation!!
The nagaraja is severely wounded.
The nagaraja twists and deforms.
The naga warrior is blasted with magical radiation!!!
You kill the naga warrior!
Vehumet accepts your kill.
You feel your power returning.
The guardian serpent is blasted with magical radiation!
The guardian serpent is almost dead.
The guardian serpent twists and deforms.
The guardian serpent is blasted with magical radiation!!
You kill the guardian serpent!
Vehumet accepts your kill.
You feel your power returning.
* * * LOW HITPOINT WARNING * * *
You feel very sick. The nagaraja spits poison at you.
The splash of poison misses you.
The guardian serpent hits you but does no damage.
The guardian serpent casts a spell at you.
A naga comes into view. It is wielding a +0 dire flail.
The nagaraja hits you with a +0 flail!!
You die...

............###
..............# N...
..............## ....
...............# ....#
...............####...##
..............##.......#
#######......##..S....
##....##.N.S.#
#....#..N@##
#....#..)S)########
#....##....)†))..)###
#.....###...†.)..!..##
#.......#########[...#
##.......##.....[.....#
#........#...)..[....##
# #)[.....##..[..#######
#######.......$)..[###


You could see 2 nagarajas, 3 guardian serpents and a naga.

Vanquished Creatures
  Rupert (D:14)
  Kirke (D:15)
  Agnes (D:15)
  3 nagarajas
  An orc warlord (Orc:2)
  Azrael (D:14)
  Snorg (D:12)
  Josephine (D:15)
  Fannar (D:11)
  6 hydras
  3 salamander tyrants (Snake:4)
  4 vault guards (D:13)
  An ogre mage (D:15)
  4 boulder beetles
  6 two-headed ogres
  5 centaur warriors
  13 anacondas
  19 naga warriors
  2 tengu warriors
  Urug (Orc:2)
  A titan zombie (D:15)
  An orc high priest (Orc:2)
  7 shock serpents
  16 naga sharpshooters
  Sonja (Lair:1)
  2 skeletal warriors (D:15)
  Lodul (D:14)
  4 salamander mystics (Snake:4)
  5 spectral anacondas (Snake:3)
  A sea snake (Snake:3)
  3 anaconda zombies (Snake:3)
  A flayed ghost (D:15)
  A wizard (D:14)
  5 anaconda skeletons (Snake:3)
  8 naga ritualists
  4 orc knights
  A deep elf pyromancer (D:12)
  11 mana vipers
  A necromancer (D:15)
  4 cyclopes
  An oklob plant (Lair:5)
  17 ugly things
  5 manticores
  16 salamanders
  5 orc sorcerers
  44 black mambas
  A black mamba (shapeshifter) (D:15)
  17 naga magi
  15 guardian serpents
  A stone giant skeleton (D:15)
  14 elephants
  3 torpor snails
  13 cane toads
  6 kobold demonologists
  An unseen horror (D:13)
  Psyche (D:8)
  4 rime drakes
  12 komodo dragons
  A tengu conjurer (D:13)
  5 anaconda simulacra (Snake:3)
  A komodo dragon (shapeshifter) (D:15)
  8 trolls
  14 blink frogs
  3 meliai (D:11)
  6 polar bears (Lair:5)
  5 hornets
  A tyrant leech (Lair:2)
  16 dream sheep
  5 slime creatures (D:15)
  A blink frog (shapeshifter) (D:15)
  A spriggan zombie (D:15)
  A vampire (D:12)
  2 shadows (D:12)
  13 spriggans (Lair:5)
  3 wyverns (Lair:2)
  51 yaks
  5 wraiths
  2 fire elementals (D:14)
  5 basilisks
  5 hogs (D:15)
  7 vampire mosquitoes
  2 steam dragons
  6 wargs
  Menkaure (D:7)
  Duvessa (D:7)
  An acid dragon (D:10)
  40 nagas
  2 swamp worms (Lair:2)
  8 water moccasins
  4 hell hounds (D:14)
  An ice beast (D:6)
  28 orc warriors
  A sky beast (D:7)
  4 black bears
  A floating eye zombie (D:15)
  17 ogres
  31 wolves
  9 boggarts
  4 centaurs
  A phantom (D:6)
  9 kobold brigands
  Blork the orc (Orc:2)
  A necrophage (D:5)
  11 bullfrogs
  2 gnoll sergeants
  5 scorpions
  5 wights (D:7)
  Dowan (D:7)
  16 killer bees
  An electric eel (Lair:2)
  7 howler monkeys
  5 jellies
  2 hounds (D:4)
  18 orc priests
  2 iguanas (D:6)
  18 orc wizards
  11 gnolls
  9 adders
  2 river rats
  4 white imps
  7 worms
  A dart slug (D:2)
  47 orcs
  2 bats
  13 endoplasms
  9 giant cockroaches
  8 goblins
  6 hobgoblins
  29 kobolds
  3 quokkas
  9 ball pythons
  3 frilled lizards
  5 rats
924 creatures vanquished.

Vanquished Creatures (others)
  25 fungi
  107 plants
  3 withered plants (D:15)
135 creatures vanquished.

Grand Total: 1059 creatures vanquished

Notes
Turn   | Place    | Note
-------+----------+-------------------------------------------
     0 | D:1      | safid the Merfolk Ice Elementalist began the quest for the
                  | Orb.
     0 | D:1      | Reached XP level 1. HP: 13/13 MP: 3/3
   509 | D:1      | Found Rumo's Antique Weapon Shop.
   671 | D:1      | Reached XP level 2. HP: 19/20 MP: 3/5
   708 | D:1      | Reached skill level 1 in Fighting
  1497 | D:2      | Reached XP level 3. HP: 24/26 MP: 2/6
  1623 | D:2      | Learned a level 3 spell: Frozen Ramparts
  1627 | D:2      | Learned a level 3 spell: Ozocubu's Armour
  1840 | D:2      | Found a faded altar of an unknown god.
  2465 | D:3      | Noticed an ogre
  2481 | D:3      | Killed an ogre
  2482 | D:3      | Reached skill level 5 in Ice Magic
  2482 | D:3      | Reached XP level 4. HP: 9/34 MP: 0/8
  2482 | D:3      | Reached XP level 5. HP: 10/40 MP: 0/9
  2705 | D:3      | Found a glowing drain.
  2709 | Sewer    | Entered a sewer
  3148 | Sewer    | Reached XP level 6. HP: 36/47 MP: 7/11
  3533 | Sewer    | Found a viscous altar of Jiyva.
  3837 | D:3      | Found a sacrificial altar of Ru.
  3838 | D:3      | Found a stormy altar of Qazlal.
  4320 | D:4      | Reached skill level 6 in Ice Magic
  4568 | D:4      | Found a sparkling altar of Nemelex Xobeh.
  4755 | D:4      | Reached XP level 7. HP: 54/54 MP: 9/13
  5258 | D:4      | Learned a level 5 spell: Irradiate
  5268 | D:5      | Entered Level 5 of the Dungeon
  5424 | D:5      | Reached skill level 1 in Transmutations
  5528 | D:5      | Found a staircase to the Ecumenical Temple.
  5539 | Temple   | Entered the Ecumenical Temple
  5849 | D:5      | Found a radiant altar of Vehumet.
  6250 | D:6      | Reached skill level 5 in Fighting
  6471 | D:6      | Reached XP level 8. HP: 54/62 MP: 11/15
  6556 | D:6      | Reached skill level 7 in Ice Magic
  6582 | D:6      | Reached skill level 5 in Spellcasting
  7433 | D:7      | Reached skill level 5 in Transmutations
  7433 | D:7      | Reached XP level 9. HP: 70/70 MP: 4/17
  7584 | D:7      | Reached skill level 8 in Ice Magic
  7911 | D:7      | Found an ornate altar of the Wu Jian Council.
  7957 | D:7      | Found an iron altar of Okawaru.
  7980 | D:7      | Found an opulent altar of Gozag.
  8431 | D:7      | Noticed Menkaure
  8445 | D:7      | Killed Menkaure
  8446 | D:7      | Reached skill level 1 in Conjurations
  8507 | D:7      | Noticed Duvessa
  8507 | D:7      | Noticed Dowan
  8511 | D:7      | Killed Dowan
  8518 | D:7      | Killed Duvessa
  8924 | D:8      | Reached XP level 10. HP: 79/79 MP: 20/20
  8968 | D:8      | Identified the +4 halberd "Arbiter" {antimagic, rElec Str-3
                  | Dex+4}
  9088 | D:8      | Reached skill level 9 in Ice Magic
  9140 | D:8      | Identified a scroll of acquirement
  9141 | D:8      | Acquired the +10 lajatang of Nynlem {flame, rPois}
  9495 | D:9      | Noticed Psyche
  9510 | D:8      | Killed Psyche
  9527 | D:9      | Found a glowing golden altar of the Shining One.
  9685 | D:5      | Became a worshipper of Vehumet
  9832 | D:9      | Found a staircase to the Orcish Mines.
 10015 | D:9      | Found a staircase to the Lair.
 10015 | D:9      | Noticed an elephant
 10027 | D:9      | Reached skill level 1 in Staves
 10070 | D:9      | Killed an elephant
 10263 | D:9      | Found a basalt altar of Yredelemnul.
 10536 | D:9      | Reached XP level 11. HP: 77/87 MP: 20/22
 10537 | D:9      | Reached * piety under Vehumet
 10537 | D:9      | Offered knowledge of Magic Dart by Vehumet.
 10538 | D:9      | Reached skill level 5 in Dodging
 10699 | D:10     | Entered Level 10 of the Dungeon
 10858 | D:10     | Identified the +6 mace "Grom" {speed, rF+}
 10868 | D:10     | Noticed a four-headed hydra
 10945 | D:10     | Found a white marble altar of Elyvilon.
 10953 | D:10     | Killed a two-headed hydra
 10954 | D:10     | Reached skill level 10 in Ice Magic
 11346 | Lair:1   | Entered Level 1 of the Lair of Beasts
 11372 | Lair:1   | Noticed Sonja
 11580 | Lair:1   | Reached ** piety under Vehumet
 11590 | Lair:1   | Offered knowledge of Sandblast by Vehumet.
 11599 | Lair:1   | Killed Sonja
 11665 | Lair:1   | Reached skill level 10 in Transmutations
 11739 | Lair:1   | Got the Directory of Mutated Arcane Weapons
 12233 | Lair:2   | Reached XP level 12. HP: 97/97 MP: 22/24
 12306 | Lair:2   | Offered knowledge of Mephitic Cloud by Vehumet.
 12320 | Lair:2   | Reached skill level 10 in Fighting
 12382 | Lair:2   | Reached skill level 11 in Ice Magic
 12848 | Lair:2   | Noticed an eight-headed hydra
 12914 | Lair:2   | Killed an eight-headed hydra
 12914 | Lair:2   | Reached *** piety under Vehumet
 13001 | Lair:2   | Noticed a seven-headed hydra
 13037 | Lair:2   | Reached skill level 5 in Staves
 13069 | Lair:2   | Found a staircase to the Swamp.
 13080 | Lair:2   | Killed a six-headed hydra
 13416 | Lair:3   | Reached XP level 13. HP: 78/105 MP: 23/26
 13426 | Lair:3   | Offered knowledge of Sticky Flame by Vehumet.
 13447 | Lair:3   | Found a staircase to the Snake Pit.
 13686 | Lair:3   | Reached skill level 12 in Ice Magic
 13790 | Lair:3   | Reached **** piety under Vehumet
 14164 | Lair:4   | You are sucked into a shaft and drop 1 floor!
 14164 | Lair:5   | Entered Level 5 of the Lair of Beasts
 14397 | Lair:4   | Found the +4 skin of Zhor {*Englaciate rC+++ SInv}
 14444 | Lair:4   | Found a staircase to the Slime Pits.
 14445 | Lair:4   | Found a viscous altar of Jiyva.
 14925 | Lair:5   | Reached skill level 10 in Spellcasting
 14931 | Lair:5   | Offered knowledge of Airstrike by Vehumet.
 15145 | Lair:4   | Learned a level 4 spell: Hailstorm
 15698 | Lair:5   | Reached skill level 13 in Ice Magic
 15713 | Lair:5   | Gained mutation: You have hidden genetic defects.
                  | [mutagenic glow]
 15829 | Lair:5   | Reached ***** piety under Vehumet
 15838 | Lair:5   | Reached XP level 14. HP: 57/115 MP: 28/28
 16076 | Lair:5   | Offered knowledge of Conjure Ball Lightning by Vehumet.
 16200 | Lair:5   | Gained mutation: Armour fits poorly on your strangely
                  | shaped body. [hidden defects]
 16297 | Lair:5   | Lost mutation: Armour fits poorly on your strangely shaped
                  | body. [potion of mutation]
 16297 | Lair:5   | Lost mutation: You have hidden genetic defects. [potion of
                  | mutation]
 16297 | Lair:5   | Gained mutation: Your system is resistant to poisons.
                  | (rPois) [potion of mutation]
 16297 | Lair:5   | Gained mutation: You have a somewhat thin skeletal
                  | structure. (Dex +2, Stealth+) [potion of mutation]
 16297 | Lair:5   | Gained mutation: You are partially covered in iridescent
                  | scales. (AC +2) [potion of mutation]
 16297 | Lair:5   | Gained mutation: You have supernaturally acute eyesight.
                  | (SInv) [potion of mutation]
 16380 | Lair:5   | Reached skill level 14 in Ice Magic
 17605 | D:11     | Noticed Fannar
 17623 | D:11     | Killed Fannar
 18974 | D:12     | Identified the ring "Osoonn" {rF+ Int+6}
 19050 | D:12     | Offered knowledge of Fulminant Prism by Vehumet.
 19220 | D:12     | Reached skill level 15 in Ice Magic
 19250 | D:12     | Noticed Snorg
 19267 | D:12     | Killed Snorg
 19656 | Orc:1    | Entered Level 1 of the Orcish Mines
 19682 | Orc:1    | Paralysed by an orc sorcerer for 2 turns
 20158 | Orc:2    | Entered Level 2 of the Orcish Mines
 20272 | Orc:2    | Reached skill level 10 in Staves
 20673 | Orc:2    | Noticed an orc warlord
 21338 | Orc:2    | Killed an orc warlord
 21339 | Orc:2    | Reached XP level 15. HP: 111/120 MP: 24/29
 21473 | Orc:2    | Noticed Urug
 21498 | Orc:2    | Noticed Blork the orc
 21513 | Orc:2    | Killed Blork the orc
 21521 | Orc:2    | Offered knowledge of Ozocubu's Refrigeration by Vehumet.
 21532 | Orc:2    | Learned a level 7 spell: Ozocubu's Refrigeration
 21568 | Orc:2    | Killed Urug
 21754 | Orc:2    | Found Puuduarch's Antique Weapon Shoppe.
 21759 | Orc:2    | Found Taicesch's General Store.
 21799 | Orc:2    | Found Torory's Book Shoppe.
 21842 | Orc:2    | Found a staircase to the Elven Halls.
 21898 | Orc:2    | Reached skill level 16 in Ice Magic
 22174 | Orc:2    | Found Awukhlehu's Antique Armour Shoppe.
 22257 | Orc:1    | You are sucked into a shaft and drop 1 floor!
 22627 | D:13     | Found a gate to the Vaults.
 23680 | D:14     | Noticed Azrael
 23690 | D:14     | Killed Azrael
 24466 | D:14     | Noticed Rupert
 24469 | D:14     | Paralysed by Rupert for 5 turns
 24480 | D:14     | Killed Rupert
 24482 | D:14     | Offered knowledge of Freezing Cloud by Vehumet.
 24701 | D:14     | Noticed Lodul
 24714 | D:14     | Killed Lodul
 24871 | D:15     | Entered Level 15 of the Dungeon
 24872 | D:15     | Noticed Josephine
 24878 | D:15     | Killed Josephine
 25025 | D:15     | Noticed Kirke
 25155 | D:15     | Killed Kirke
 25260 | D:15     | Reached XP level 16. HP: 118/127 MP: 19/30
 25305 | D:15     | Noticed Agnes
 25311 | D:15     | Killed Agnes
 25384 | D:15     | Found a staircase to the Depths.
 25917 | D:15     | Identified the +3 robe "Acol" {rElec rC++ Will- rCorr}
 26931 | Snake:1  | Entered Level 1 of the Snake Pit
 27696 | Snake:1  | Found a runed translucent door.
 27697 | Snake:1  | Noticed Gardakan's ghost (journeyman DEFE)
 28282 | Snake:1  | Offered knowledge of Eringya's Noxious Bog by Vehumet.
 29466 | Snake:2  | Noticed a nagaraja
 29473 | Snake:2  | Reached skill level 17 in Ice Magic
 29480 | Snake:2  | Killed a nagaraja
 30079 | Snake:2  | Found Enia's Weapon Boutique.
 30276 | Snake:2  | Reached XP level 17. HP: 107/135 MP: 28/31
 30571 | Snake:2  | Reached skill level 10 in Dodging
 31107 | Orc:2    | Bought an Everburning Encyclopedia for 364 gold pieces
 31107 | Orc:2    | Bought a book of Spatial Translocations for 364 gold pieces
 31107 | Orc:2    | Bought a Trismegistus Codex for 392 gold pieces
 31110 | Orc:2    | Learned a level 2 spell: Blink
 31115 | Orc:2    | Learned a level 4 spell: Olgreb's Toxic Radiance
 31119 | Orc:2    | Learned a level 3 spell: Ignite Poison
 31369 | Snake:2  | Reached skill level 1 in Poison Magic
 31494 | Snake:2  | Reached skill level 1 in Translocations
 31544 | Snake:2  | Reached skill level 1 in Fire Magic
 31665 | Snake:3  | Found a shimmering altar of Xom.
 31932 | Snake:3  | Identified the amulet "Cutuist" {Spirit rN+}
 33154 | Snake:3  | Found a glowing silver altar of Zin.
 34084 | Snake:4  | Entered Level 4 of the Snake Pit
 34338 | Snake:4  | Found Hucsiq's Magic Scroll Boutique.
 34355 | Snake:4  | Reached skill level 5 in Poison Magic
 34893 | Snake:4  | Reached skill level 15 in Transmutations
 35366 | Snake:4  | Bought a scroll of teleportation for 45 gold pieces
 35366 | Snake:4  | Bought a scroll of teleportation for 45 gold pieces
 35366 | Snake:4  | Bought a scroll of silence for 142 gold pieces
 35366 | Snake:4  | Bought a scroll of blinking for 112 gold pieces
 35366 | Snake:4  | Bought a scroll of teleportation for 45 gold pieces
 35373 | Snake:4  | Identified the +4 dagger of Feumak {venom, *Noise rCorr
                  | Str+2}
 35474 | Snake:4  | Found a shimmering altar of Xom.
 35500 | Snake:4  | Offered knowledge of Yara's Violent Unravelling by Vehumet.
 35891 | Snake:4  | Reached XP level 18. HP: 106/144 MP: 32/32
 36207 | Snake:4  | HP: 7/144 [constriction (5)]
 36670 | Snake:4  | Noticed Nikola
 38111 | Snake:4  | Reached skill level 18 in Ice Magic
 38131 | Snake:4  | Mangled by a nagaraja

Illustrated notes

Levels and vault maps discovered:
D:1:      mushboom_english_gardens, layout_basic, serial_shops, shop
D:2:      layout_loops_corners, hellmonk_ecumenical_altar_inner_sanctum
D:3:      layout_loops_ring, nicolae_overflow_two_pavilions,
          gup_sewer_entry_spiral, minmay_misc_feat_tiny
D:4:      layout_basic, nemelex_dance_club_becter, serial_park_tiny_1
D:5:      layout_basic, kennysheep_mini_moat, minmay_temple_entry_junction
D:6:      layout_basic, kennysheep_small_circle
D:7:      layout_cave_pools, mainiacjoe_overflow_catwalk_spiral,
          nicolae_overflow_crystal_walls, nrook_mini_backslash, uniq_menkaure,
          uniq_duvessa
D:8:      layout_basic
D:9:      layout_gridville, tso_metal_star, mainiacjoe_overflow_cross_hatched,
          david_lair_generic, orc_0_dummy, uniq_psyche
D:10:     layout_cave_pools, lemuel_round_altar
D:11:     layout_basic, uniq_fannar
D:12:     layout_loops_cross, uniq_snorg
D:13:     layout_roguey, lightli_vaults_fourway_checkpoint
D:14:     layout_basic, nrook_mini_vaults, nrook_uturn, uniq_azrael, uniq_lodul,
          uniq_rupert
D:15:     gammafunk_depths_entry_grave, layout_gridville, serial_rivers,
          chequers_serial_rivers_micro_b, chequers_serial_rivers_small_3,
          chequers_serial_rivers_small_a, chequers_serial_rivers_micro_c,
          uniq_josephine, uniq_agnes, uniq_kirke
Temple:   nicolae_temple_bog_church
Lair:1:   layout_loops_ring, serial_bayou_shore_b, grunt_megastairs_2,
          infiniplex_staircase_pool, uniq_sonja
Lair:2:   layout_cave_shapes, palyth_hydra_swamp_entry, serial_bayou_pond_b,
          serial_bayou_shore_a
Lair:3:   layout_chaotic_city, minmay_snake_entry_guardpost_small,
          chequers_serial_rivers_micro_d
Lair:4:   layout_gridlike, slime_entry_1, hellmonk_guarded_unrand_zhor
Lair:5:   minmay_lair_end_enchanted_forest, layout_cave_pods,
          grunt_megastairs_4, infiniplex_staircase_pool_2
Snake:1:  layout_gridlike, ebering_ghost_inner_flame
Snake:2:  layout_rooms, serial_shops, nicolae_shop_advertising_works
          [nicolae_subvault_shop_adworks], grunt_megastairs_5
Snake:3:  layout_rooms, serial_bayou, serial_bayou_crossing,
          serial_bayou_shore_b, serial_bayou_shore_b, serial_bayou_pond_e,
          grunt_ministairs_10, hangedman_feature_mirror,
          nicolae_snake_gridmaze_squiggle, nicolae_snake_dead_anacondas
Snake:4:  grunt_snake_rune_serpentine_throne, layout_cave_town, basic_altar,
          grunt_ministairs_3, minmay_shop_grid_forest,
          nicolae_snake_snakes_in_the_grass, uniq_nikola
Orc:1:    layout_diamond_mine, basic_altar
Orc:2:    grunt_orc_cross, layout_diamond_mine

Skill      XL: |  1  2  3  4  5  6  7  8  9 10 11 12 13 14 15 16 17 18 |
---------------+-------------------------------------------------------+-----
Fighting       | 1 2 3 4 5 6 7 8 9 10 12 13 | 13.8
Spellcasting   | 3 4 5 6 7 8 9 10 | 10.0
Ice Magic      | 5 6 7 8 9 10 11 13 15 16 17 18 | 18.0
Transmutations | 2 5 7 8 10 11 12 14 15 | 15.6
Conjurations   | 2 3 4 |  4.0
Dodging        | 4 6 9 11 12 | 12.0
Staves         | 2 4 5 7 10 13 14 | 14.0
Poison Magic   | 6 8 |  8.0
Translocations | 4 |  4.0
Fire Magic     | 2 |  2.0
Stealth        | |  2.1

Action                   |  1- 3 |  4- 6 |  7- 9 | 10-12 | 13-15 | 16-18 || total
-------------------------+-------+-------+-------+-------+-------+-------++-------
Melee: Whip              |    52 |   106 |   355 |       |       |       ||   513
       Punch             |     2 |     1 |     5 |       |       |       ||     8
       Trident           |       |       |    18 |       |       |       ||    18
       Rapier            |       |       |    13 |    11 |       |       ||    24
       Lajatang          |       |       |       |   206 |   594 |   675 ||  1475
 Cast: Freeze            |    52 |    25 |    44 |    19 |    14 |       ||   154
       Frozen Ramparts   |     1 |    16 |    38 |    64 |   104 |    69 ||   292
       Ozocubu's Armour  |       |     1 |    17 |    39 |    71 |    69 ||   197
       Irradiate         |       |       |       |     5 |    38 |    46 ||    89
       Hailstorm         |       |       |       |       |    12 |       ||    12
       Ozocubu's Refrige |       |       |       |       |    19 |    13 ||    32
       Olgreb's Toxic Ra |       |       |       |       |       |     2 ||     2
  Use: Scroll            |       |       |    23 |     5 |    13 |     5 ||    46
       Potion            |       |       |     4 |     4 |     1 |     5 ||    14
 Stab: Sleeping          |     3 |     7 |     1 |       |     3 |     4 ||    18
       Distracted        |       |       |       |       |     1 |     3 ||     4
Armor: Robe              |    16 |    14 |       |       |       |    20 ||    50
       Troll leather arm |       |     1 |   173 |   182 |    18 |       ||   374
       Animal skin       |       |       |       |       |   306 |   349 ||   655
Dodge: Dodged            |    48 |    79 |   254 |   281 |   521 |   537 ||  1720
